 Dungeon Crawl Stone Soup version 0.29-a0-1-gf2d273c862 (webtiles) character file.

Game seed: 13532769175916804109

115976 Ijustatesigmund the Warrior (level 16, -8/112 HPs)
             Began as a Gargoyle Fighter on Jan 26, 2022.
             Was the Champion of the Shining One.
             Mangled by an ettin (9 damage)
             ... on level 1 of the Depths.
             The game lasted 00:57:33 (29054 turns).

Ijustatesigmund the Warrior (Gargoyle Fighter)     Turns: 29054, Time: 00:57:33

Health: -8/112     AC: 45    Str: 30    XL:     16   Next: 70%
Magic:  25/27      EV: 11    Int: 14    God:    the Shining One [******]
Gold:   2216       SH: 19    Dex: 14    Spells: 14/15 levels left

rFire   . . .      SeeInvis .   a - +4 eveningstar (protect)
rCold   . . .      Faith    .   c - +1 buckler
rNeg    + + +      Spirit   .   b - +3 chain mail "Seaze" {rPois Dex+3}
rPois   ∞          Reflect  .   K - +0 helmet {Int+3}
rElec   +          Harm     .   H - +2 cloak {rPois}
rCorr   .          Rampage  .   u - +1 pair of gloves
Will    +....                   (no boots)
Stlth   ..........              I - amulet of regeneration
HPRegen 1.08/turn               i - +6 ring of strength
MPRegen 0.20/turn               m - +4 ring of protection

@: divinely shielded, under a protective aura, flying, glowing, studying Earth
Magic
A: sickness immunity, AC +12, big wings, negative energy resistance 1,
electricity resistance, torment resistance 1, petrification resistance
a: Renounce Religion, Divine Shield, Cleansing Flame, Summon Divine Warrior,
Brand Weapon With Holy Wrath


You were on level 1 of the Depths.
You worshipped the Shining One.
The Shining One was exalted by your worship.
You visited 6 branches of the dungeon, and saw 26 of its levels.

You collected 2723 gold pieces.
You spent 507 gold pieces at shops.

Inventory:

Hand Weapons
 a - a +4 eveningstar of protection (weapon)
Armour
 b - the +3 chain mail "Seaze" (worn) {rPois Dex+3}
   (You bought it in a shop on level 1 of the Dungeon)

   Dex:       It affects your dexterity (+3).
   rPois:     It protects you from poison.
 c - a +1 buckler (worn)
 u - a +1 pair of gloves (worn)
 H - a +2 cloak of poison resistance (worn)
 K - a +0 helmet of intelligence (worn)
Jewellery
 h - a ring of ice
 i - a +6 ring of strength (left hand)
 l - a +6 ring of intelligence
 m - a +4 ring of protection (right hand)
 s - a ring of wizardry
 y - a ring of see invisible
 I - an amulet of regeneration (around neck)
 M - a +4 ring of slaying
Wands
 d - a wand of iceblast (11)
 n - a wand of digging (6)
 p - a wand of flame (25)
 q - a wand of paralysis (5)
 w - a wand of acid (3)
 x - a wand of charming (14)
Scrolls
 g - 2 scrolls of fog
 k - a scroll of enchant armour
 r - 3 scrolls of identify
 t - 5 scrolls of silence
 E - 3 scrolls of immolation
Potions
 e - 2 potions of might
 f - 8 potions of curing
 j - 4 potions of lignification
 z - a potion of cancellation
 A - 2 potions of brilliance
 B - a potion of magic
 C - a potion of mutation
 D - a potion of haste
 G - a potion of attraction
 L - 2 potions of ambrosia


   Skills:
 + Level 16.9 Fighting
 + Level 15.5 Maces & Flails
 - Level 10.5 Armour
 + Level 4.9 Dodging
 - Level 5.7 Shields
 - Level 4.3 Translocations
 + Level 15.4 Invocations
 - Level 7.2 Evocations


You had 14 spell levels left.
You knew the following spells:

 Your Spells              Type           Power      Damage    Failure   Level
a - Apportation           Tloc           24%        N/A       24%         1

Your spell library contained the following spells:

 Spells                   Type           Power      Damage    Failure   Level
 Gell's Gravitas          Tloc           12%        N/A       58%         3
 Lesser Beckoning         Tloc           12%        N/A       58%         3
 Teleport Other           Tloc           12%        N/A       58%         3
 Animate Skeleton         Necr           0%         N/A       82%         1
 Beastly Appendage        Tmut           0%         N/A       82%         1
 Magic Dart               Conj           0%         1d3       82%         1
 Pain                     Necr           0%         1d4       82%         1
 Shock                    Conj/Air       0%         1d3       82%         1
 Slow                     Hex            0%         N/A       82%         1
 Sting                    Tmut/Pois      0%         1d3       82%         1
 Summon Small Mammal      Summ           0%         N/A       82%         1
 Call Imp                 Summ           0%         N/A       91%         2
 Poisonous Vapours        Pois/Air       0%         N/A       91%         2
 Static Discharge         Conj/Air       0%         N/A       91%         2
 Wereblood                Tmut           0%         N/A       91%         2
 Passage of Golubria      Tloc           12%        N/A       94%         4
 Confusing Touch          Hex            0%         N/A       99%         3
 Conjure Flame            Conj/Fire      0%         6-21      99%         3
 Ignite Poison            Fire/Tmut/Pois 0%         N/A       99%         3
 Inner Flame              Hex/Fire       0%         N/A       99%         3
 Mephitic Cloud           Conj/Pois/Air  0%         N/A       99%         3
 Spider Form              Tmut/Pois      0%         N/A       99%         3
 Swiftness                Air            0%         N/A       99%         3
 Vampiric Draining        Necr           0%         2d6       99%         3
 Airstrike                Air            0%         N/A       100%        4
 Leda's Liquefaction      Hex/Erth       0%         N/A       100%        4
 Olgreb's Toxic Radiance  Pois           0%         N/A       100%        4
 Petrify                  Tmut/Erth      0%         N/A       100%        4
 Sticky Flame             Conj/Fire      0%         2d3       100%        4
 Summon Lightning Spire   Summ/Air       0%         N/A       100%        4
 Alistair's Intoxication  Tmut/Pois      0%         N/A       100%        5
 Freezing Cloud           Conj/Ice/Air   0%         6-21      100%        5
 Lee's Rapid Deconstruct  Erth           0%         3d5*      100%        5
 Lightning Bolt           Conj/Air       0%         1d11      100%        5
 Metabolic Englaciation   Hex/Ice        0%         N/A       100%        5
 Silence                  Hex/Air        0%         N/A       100%        5
 Summon Forest            Summ/Tloc      3%         N/A       100%        5
 Conjure Ball Lightning   Conj/Air       0%         3x3d6     100%        6
 Eringya's Noxious Bog    Tmut/Pois      0%         N/A       100%        6
 Ozocubu's Refrigeration  Ice            0%         4d5       100%        7
 Summon Hydra             Summ           0%         N/A       100%        7
 Discord                  Hex            0%         N/A       100%        8
 Disjunction              Tloc           6%         N/A       100%        8
 Ignition                 Fire           0%         3d3       100%        8
 Lehudib's Crystal Spear  Conj/Erth      0%         10d2      100%        8
 Maxwell's Capacitive Co  Air            0%         ∞         100%        8
 Statue Form              Tmut/Erth      Unusable   N/A       N/A         6

Dungeon Overview and Level Annotations

Branches:
Dungeon (15/15)            Temple (1/1) D:5            Lair (6/6) D:10
 Shoals (0/4) Lair:4       Spider (1/4) Lair:2        Slime (0/5) Lair:5
    Orc (2/2) D:12            Elf (0/3) Orc:2        Vaults (0/5) D:14
 Depths (1/4) D:15

Altars:
Ashenzari
Cheibriados
Dithmenos
Elyvilon
Fedhas
Gozag
Hepliaklqana
Kikubaaqudgha
Makhleb
Nemelex Xobeh
Okawaru
Qazlal
Ru
Sif Muna
Trog
Uskayaw
Vehumet
Wu Jian
Xom
Yredelemnul
Zin
The Shining One
Beogh

Shops:
D:1 [   D:5 (   D:10 !   D:11 :   Orc:1 *   Orc:2 !![?   Depths:1 *


Innate Abilities, Weirdness & Mutations

You are immune to sickness and miasma.
Your stone body is resilient. (AC +12)
You are immune to poison.
Your large and strong wings let you fly.
You resist negative energy. (rN+)
You are resistant to electric shocks. (rElec)
You are resistant to unholy torment.
You are immune to petrification.


Message History

You hit the fire giant.
The fire giant is lightly wounded.
You block the ettin's attack. The ettin hits you but does no damage.
The fire giant gestures at you while chanting.
The bolt of fire hits you!!
* * * LOW HITPOINT WARNING * * *
You bludgeon the fire giant!!
The fire giant is moderately wounded.
Okay, then.
You feel better.
The ettin hits you with a +0 dire flail!!
The Shining One protects you from harm! You block the ettin's attack.
The fire giant points at you and mumbles some strange words.
The bolt of fire misses you.
Okay, then.
You feel better. You block the ettin's attack. The ettin closely misses you.
You block the fire giant's attack.
You impale the fire giant!!
The fire giant is heavily wounded.
You block the ettin's attack. x2; You block the fire giant's attack.
You puncture the fire giant!
The fire giant is severely wounded.
You block the ettin's attack. The ettin hits you but does no damage.
You block the fire giant's attack.
You thump the fire giant!
The fire giant is severely wounded.
The ettin hits you but does no damage. You block the ettin's attack.
The fire giant hits you with a +2 great sword of flaming.
* * * LOW HITPOINT WARNING * * *
The fire giant burns you.
* * * LOW HITPOINT WARNING * * *
You puncture the fire giant!
The fire giant is almost dead.
You hit the fire giant.
The fire giant is almost dead.
The ettin hits you with a +0 dire flail!
* * * LOW HITPOINT WARNING * * *
The ettin hits you with a +0 dire flail!
You die...

.. ...........##..
.........
###.....######
........## ##...##
.........#####..##
................##
.................##
..................#
......CC.......####
......)@.....###
...........###
.....###..## ...#
#.## .. ### ♣


You could see a fire giant and an ettin.

Vanquished Creatures
  Jorgrun (Spider:1)
  An orc warlord (Orc:2)
  The ghost of Majang the Swashbuckler, an adept KoBe of Trog (Spider:1)
  A broodmother (Spider:1)
  An ironbound preserver (D:14)
  A very ugly thing (D:15)
  A spark wasp (Spider:1)
  An ettin (Depths:1)
  Josephine (D:12)
  4 boulder beetles
  2 ice dragons (Depths:1)
  5 hydras
  A rakshasa (Depths:1)
  2 great orbs of eyes
  4 catoblepae (Lair:6)
  An ogre mage (D:15)
  A centaur warrior (D:15)
  A radroach (Spider:1)
  A death scarab (Spider:1)
  7 two-headed ogres
  Urug (Lair:1)
  10 death yaks
  A tengu warrior (Depths:1)
  4 orc high priests (Orc:2)
  Sonja (D:12)
  3 lindwurms
  6 orc knights
  2 wolf spiders (Spider:1)
  3 orc sorcerers
  3 deep elf pyromancers
  A manticore (shapeshifter) (D:15)
  11 ugly things
  An oklob plant (Lair:2)
  6 cyclopes
  7 manticores
  4 black mambas
  14 elephants
  12 cane toads
  A rime drake (Lair:2)
  5 gargoyles
  3 unseen horrors
  6 komodo dragons
  3 demonic crawlers (Spider:1)
  4 kobold demonologists (D:12)
  4 efreet
  A yaktaur (shapeshifter) (D:15)
  4 tengu conjurers
  8 trolls
  3 meliai
  4 polar bears
  A hornet (D:10)
  A wind drake (Lair:4)
  A raiju (shapeshifter) (D:15)
  14 slime creatures
  10 dream sheep
  4 tarantellas (Spider:1)
  7 blink frogs
  15 jumping spiders (Spider:1)
  A centaur simulacrum (D:15)
  4 culicivoras (Spider:1)
  A vampire (D:9)
  2 shadows
  2 water elementals (Depths:1)
  49 yaks
  A wyvern (Lair:5)
  8 wraiths
  3 basilisks
  4 redbacks (Spider:1)
  9 vampire mosquitoes
  2 steam dragons
  4 wargs
  An acid dragon (D:14)
  16 water moccasins
  43 orc warriors
  5 black bears
  An ice beast (D:4)
  13 ogres
  A necrophage (D:4)
  12 wolves
  2 phantoms (D:7)
  A kobold brigand (D:9)
  2 centaurs
  14 bullfrogs
  4 scorpions
  2 water moccasin zombies
  A wyvern skeleton (D:5)
  22 killer bees
  2 electric eels (Spider:1)
  3 wights
  4 howler monkeys
  A bullfrog zombie (D:5)
  4 centaur zombies
  10 jellies
  5 hounds
  32 orc priests
  2 bullfrog skeletons (D:5)
  Jessica (D:3)
  2 iguanas
  20 orc wizards
  4 hell rats (Lair:3)
  3 hound zombies
  A howler monkey zombie (D:10)
  7 gnolls
  5 adders
  2 howler monkey skeletons (D:7)
  3 shadow imps
  2 white imps
  An ufetubus (D:6)
  2 adder zombies (D:4)
  5 worms
  11 dart slugs
  96 orcs
  4 ball pythons
  6 bats
  23 endoplasms
  7 giant cockroaches
  10 goblins
  8 hobgoblins
  2 quokkas
  2 frilled lizards
  18 kobolds
  5 rats
770 creatures vanquished.

Vanquished Creatures (collateral kills)
  Kirke (Spider:1)
  A centaur warrior (D:15)
  3 two-headed ogres (D:15)
  A tengu warrior (D:15)
  A wizard (Depths:1)
  2 ugly things (Depths:1)
  2 wolf spiders (Spider:1)
  A demonic crawler (Spider:1)
  A meliai (D:15)
  A tarantella (Spider:1)
  3 jumping spiders (Spider:1)
  A culicivora (Spider:1)
  A hog (Spider:1)
  An ogre (D:15)
  3 killer bees (D:9)
23 creatures vanquished.

Vanquished Creatures (others)
  A blink frog (Lair:6)
  2 humans (Spider:1)
  A bush (Lair:4)
  25 fungi
  46 plants
75 creatures vanquished.

Grand Total: 868 creatures vanquished

Notes
Turn   | Place    | Note
-------+----------+-------------------------------------------
     0 | D:1      | Ijustatesigmund the Gargoyle Fighter began the quest for
                  | the Orb.
     0 | D:1      | Reached XP level 1. HP: 14/14 MP: 1/1
   111 | D:1      | Reached XP level 2. HP: 17/19 MP: 2/2
   412 | D:1      | Found a faded altar of an unknown god.
   631 | D:1      | Reached XP level 3. HP: 22/24 MP: 3/3
   689 | D:1      | Reached skill level 4 in Fighting
   707 | D:1      | Found Bosoanaa's Antique Armour Boutique.
  1959 | D:3      | Noticed Jessica
  1967 | D:3      | Killed Jessica
  1968 | D:3      | Reached XP level 4. HP: 24/30 MP: 4/4
  1976 | D:3      | Reached XP level 5. HP: 29/34 MP: 5/5
  2110 | D:3      | Reached skill level 5 in Fighting
  2482 | D:3      | Found a sparkling altar of Nemelex Xobeh.
  2864 | D:4      | Reached XP level 6. HP: 18/40 MP: 6/6
  3213 | D:4      | Found a basalt altar of Yredelemnul.
  3216 | D:4      | You fall into a shaft and drop 1 floor!
  3216 | D:5      | Entered Level 5 of the Dungeon
  3216 | D:5      | Found a staircase to the Ecumenical Temple.
  3222 | Temple   | Entered the Ecumenical Temple
  3307 | Temple   | Became a worshipper of the Shining One
  3326 | D:5      | Noticed a water moccasin
  3339 | D:5      | Killed a water moccasin
  3340 | D:5      | Reached skill level 6 in Fighting
  3340 | D:5      | Reached skill level 5 in Maces & Flails
  3623 | D:4      | Reached XP level 7. HP: 26/47 MP: 7/7
  4116 | D:4      | Found a snail-covered altar of Cheibriados.
  4266 | D:4      | Found a blossoming altar of Fedhas.
  4366 | D:4      | Found a sacrificial altar of Ru.
  4367 | D:4      | Found a hide-covered altar of Uskayaw.
  4514 | D:4      | Reached skill level 7 in Fighting
  4636 | D:5      | Reached skill level 1 in Invocations
  4636 | D:5      | Reached XP level 8. HP: 48/53 MP: 8/8
  4774 | D:5      | Reached * piety under the Shining One
  4826 | D:5      | Found Wohaesacoc's Hydra Hut.
  4827 | D:5      | Noticed an eight-headed hydra
  5005 | D:1      | Bought a twisted chain mail for 190 gold pieces
  5005 | D:1      | Identified the +3 chain mail "Seaze" {rPois Dex+3} (You
                  | bought it in a shop on level 1 of the Dungeon)
  5558 | D:5      | Found an iron altar of Okawaru.
  5716 | D:5      | Reached skill level 8 in Fighting
  5897 | D:6      | Found a shimmering altar of Xom.
  5971 | D:6      | Reached skill level 5 in Armour
  6356 | D:6      | Reached XP level 9. HP: 60/60 MP: 11/11
  6737 | D:7      | Found an ancient bone altar of Kikubaaqudgha.
  7078 | D:7      | Reached ** piety under the Shining One
  7461 | D:8      | Reached skill level 9 in Fighting
  7461 | D:8      | Reached skill level 5 in Invocations
  7633 | D:8      | Noticed a manticore
  7648 | D:8      | Killed a manticore
  7812 | D:8      | Found a broken altar of Ashenzari.
  7876 | D:8      | Found a bloodstained altar of Trog.
  7925 | D:8      | Found a hazy altar of Hepliaklqana.
  8265 | D:9      | Reached skill level 1 in Dodging
  8265 | D:9      | Reached XP level 10. HP: 63/66 MP: 14/14
  8921 | D:9      | Noticed a two-headed ogre
  9163 | D:9      | Killed a two-headed ogre
  9307 | D:9      | Reached skill level 5 in Shields
  9345 | D:9      | Reached skill level 10 in Fighting
  9644 | D:10     | Entered Level 10 of the Dungeon
  9908 | D:10     | Identified a scroll of acquirement
  9908 | D:10     | Acquired 428 gold pieces
  9927 | D:10     | Found Mirphaulo's Distillery.
  9950 | D:10     | Reached *** piety under the Shining One
  9951 | D:10     | Reached XP level 11. HP: 73/73 MP: 16/16
 10133 | D:10     | Found a staircase to the Lair.
 10610 | D:11     | Noticed a seven-headed hydra
 10619 | D:11     | Killed a seven-headed hydra
 11073 | D:11     | Found Rusk's Self-Improvement Boutique.
 11092 | D:11     | Noticed a boulder beetle
 11152 | D:11     | Killed a boulder beetle
 11153 | D:11     | Reached skill level 11 in Fighting
 11329 | D:11     | Reached skill level 10 in Maces & Flails
 11693 | D:12     | Noticed a cyclops
 11694 | D:12     | Noticed Sonja
 11978 | D:12     | Killed a cyclops
 12113 | D:12     | Killed Sonja
 12266 | D:12     | Noticed a two-headed ogre
 12282 | D:12     | Killed a two-headed ogre
 12470 | D:12     | Reached XP level 12. HP: 19/80 MP: 18/18
 12733 | D:12     | Noticed Josephine
 12743 | D:12     | Killed Josephine
 12939 | D:12     | Acquired a +2 eveningstar of protection
 12992 | D:12     | Noticed a two-headed ogre
 12996 | D:12     | Killed a two-headed ogre
 13152 | D:12     | Reached **** piety under the Shining One
 13186 | D:12     | Reached skill level 12 in Fighting
 13187 | D:12     | Noticed a sun demon
 13809 | D:12     | Found a staircase to the Orcish Mines.
 13943 | Lair:1   | Entered Level 1 of the Lair of Beasts
 13977 | Lair:1   | Reached skill level 10 in Invocations
 14553 | Lair:1   | Noticed Urug
 14568 | Lair:1   | Killed Urug
 15666 | Lair:2   | Reached skill level 10 in Armour
 15798 | Lair:2   | Found a hole to the Spider Nest.
 15842 | Lair:2   | Reached XP level 13. HP: 67/87 MP: 20/20
 16185 | Lair:2   | Reached skill level 13 in Fighting
 17072 | Lair:3   | Reached skill level 1 in Evocations
 17686 | Lair:3   | Found a frozen archway.
 18884 | Lair:4   | Found a staircase to the Shoals.
 19521 | Lair:5   | Gained mutation: Your large and strong wings let you fly.
                  | [Gargoyle growth]
 19521 | Lair:5   | Reached XP level 14. HP: 73/95 MP: 17/23
 19527 | Lair:5   | Reached skill level 14 in Fighting
 20290 | Lair:5   | Found a staircase to the Slime Pits.
 20812 | Lair:6   | Entered Level 6 of the Lair of Beasts
 20812 | Lair:6   | Reached ***** piety under the Shining One
 20973 | Lair:6   | Reached skill level 5 in Evocations
 22140 | Lair:6   | Identified the +7 battleaxe "Gadaing" {freeze, Dex+4
                  | Stlth+}
 22441 | Orc:1    | Entered Level 1 of the Orcish Mines
 22620 | Orc:1    | Found Geq Edie's CLEARANCE SALE!.
 22723 | Orc:1    | Reached skill level 15 in Fighting
 22903 | Orc:2    | Entered Level 2 of the Orcish Mines
 23195 | Orc:1    | Reached XP level 15. HP: 90/103 MP: 25/25
 23759 | Orc:2    | Found a staircase to the Elven Halls.
 23836 | Orc:2    | Noticed an orc warlord
 23842 | Orc:2    | Found Roaduhed's Magic Scroll Boutique.
 23842 | Orc:2    | Reached ****** piety under the Shining One
 23971 | Orc:2    | Killed an orc warlord
 24240 | Orc:2    | Found Ulai's Antique Armour Shop.
 24515 | Orc:2    | Found Ete Toivu's Distillery.
 24540 | Orc:2    | Found Maxu's Distillery.
 24569 | Orc:2    | Bought a potion of heal wounds for 55 gold pieces
 24847 | Orc:2    | Bought a glowing helmet for 262 gold pieces
 24854 | Orc:2    | Learned a level 1 spell: Apportation
 25114 | D:13     | Identified the +2 leather armour "Ulis" {Harm}
 25291 | D:13     | Reached skill level 1 in Translocations
 25832 | D:14     | Got the Guide on the Aerial Oath
 26017 | D:14     | Found a gate to the Vaults.
 26258 | D:15     | Entered Level 15 of the Dungeon
 26302 | D:15     | Reached skill level 16 in Fighting
 26745 | D:14     | Acquired a manual of Earth Magic
 26917 | D:15     | Reached XP level 16. HP: 85/110 MP: 26/26
 27187 | D:15     | Paralysed by a great orb of eyes for 6 turns
 27309 | D:15     | Reached skill level 15 in Maces & Flails
 27320 | D:15     | Found a staircase to the Depths.
 27632 | Spider:1 | Entered Level 1 of the Spider Nest
 27632 | Spider:1 | Found a large runed translucent door.
 27632 | Spider:1 | Found a large runed translucent door.
 27633 | Spider:1 | Noticed Majang's ghost (adept KoBe)
 27668 | Spider:1 | Killed Majang's ghost
 27678 | Spider:1 | Identified the ring "Faluw" {Fly rF- rC- rN+ Dex+7}
 27719 | Spider:1 | HP: 3/111 [wolf spider (8)]
 27742 | Spider:1 | Noticed Kirke
 27749 | Spider:1 | Noticed Jorgrun
 27750 | Spider:1 | Killed Kirke
 27761 | Spider:1 | Killed Jorgrun
 27762 | Spider:1 | Reached skill level 15 in Invocations
 28729 | Depths:1 | Entered Level 1 of the Depths
 28910 | Depths:1 | Found Qifipro's Demolitions Depot.
 29046 | Depths:1 | HP: 3/112 [fire giant/bolt of fire (23)]
 29048 | Depths:1 | The Shining One protects you from harm!
 29054 | Depths:1 | HP: 1/112 [ettin (16)]
 29054 | Depths:1 | Mangled by an ettin

Illustrated notes

Levels and vault maps discovered:
D:1:      heliophobic_arrival_dark_side_of_the_moon, layout_basic, serial_shops,
          shop_statue, chequers_ecumenical_altar_simple
D:2:      layout_basic
D:3:      layout_loops_ring, nemelex_spade_bored_becter, minmay_misc_feat_tiny,
          uniq_jessica
D:4:      layout_loops_ring, amcnicky_altar_gilded,
          nicolae_yredelemnul_corpse_copse, fedhas_altar_3, minitemple
D:5:      kennysheep_slugbush, layout_layer_cave,
          nicolae_overflow_crystal_walls, minmay_temple_entry_tees,
          st_stairs_13, doesnt_shop_hydraphobe
D:6:      layout_loops_ring, xom_teletrap_fun, kennysheep_generic_room_6
D:7:      layout_loops_ring, nicolae_kikubaaqudgha_miasma_corner,
          amcnicky_mini_pool_medium
D:8:      layout_rooms, mainiacjoe_overflow_cross_hatched, kennysheep_mini_moat,
          mainiacjoe_overflow_alcove_2, supply_closet_lemuel
D:9:      minmay_chambers_of_sixes, layout_gridville
D:10:     layout_basic, lair_entry_dummy, serial_shops,
          nicolae_shop_behind_doors
D:11:     layout_rooms, nicolae_shop_self_help
D:12:     layout_rooms, david_orc_4, uniq_josephine, uniq_sonja
D:13:     layout_loops_ring
D:14:     layout_cave_pools, skrybe_vaults_entry_preservation,
          serial_column_ruins, column_ruins_grid_4, column_ruins_columns_corner,
          column_ruins_open_tiny
D:15:     gammafunk_enter_depths_forms, layout_basic, grunt_decor_one_mirror
Temple:   zaba_magenta_temple
Lair:1:   layout_cellular_growth, uniq_urug
Lair:2:   lemuel_slime, layout_chaotic_city, nicolae_spider_entry_non_spiders,
          beast_lair_carwin_4, infiniplex_staircase_pool_2
Lair:3:   cheibrodos_lair_overgrown_chateau, layout_cave_pods,
          portal_ice_cave_entry_pillars_1
Lair:4:   layout_roguey, minmay_shoals_entry_beasts, serial_bayou_pond_e,
          chequers_serial_rivers_micro_d, beast_lair_carwin_9,
          serial_bayou_shore_a
Lair:5:   layout_cave_shapes, minmay_slime_entry_pillars, serial_bayou_shore_b
Lair:6:   evilmike_catoblepas_cave, layout_loops_ring
Spider:1: nicolae_spider_jumping_over_cracks [nicolae_spider_jumping_sub_stairs,
          nicolae_spider_jumping_sub_moat, nicolae_spider_jumping_sub_lanes,
          nicolae_spider_jumping_sub_narrow], ebering_ghost_disaster_area,
          nicolae_spider_bug_shape, uniq_kirke, uniq_jorgrun
Orc:1:    layout_diamond_mine, abandoned_shop, nicolae_shop_clearance
Orc:2:    pubby_orc_utopia
Depths:1: layout_cave_shapes, hangedman_glass_teeth, hell_entry,
          minmay_stone_trees_small, nicolae_blasting_shop, serial_bayou_pond_b,
          statue_in_the_mist_lemuel, minmay_multi_spiral

Skill      XL: |  1  2  3  4  5  6  7  8  9 10 11 12 13 14 15 16 |
---------------+-------------------------------------------------+-----
Fighting       | 4 5 6 7 8 9 10 11 12 13 15 16 | 16.9
Maces & Flails | 3 4 5 6 7 8 9 10 11 12 13 14 15 | 15.5
Invocations    | 1 3 5 7 9 10 12 13 14 15 | 15.4
Armour         | 5 6 8 10 | 10.5
Dodging        | 1 3 4 |  4.9
Shields        | 5 |  5.7
Evocations     | 4 6 7 |  7.2
Translocations | 3 4 |  4.3

Action                   |  1- 3 |  4- 6 |  7- 9 | 10-12 | 13-15 | 16-18 || total
-------------------------+-------+-------+-------+-------+-------+-------++-------
Melee: Flail             |   109 |     9 |       |       |       |       ||   118
       Mace              |       |   127 |   322 |   532 |       |       ||   981
       Eveningstar       |       |       |       |   208 |  1272 |   338 ||  1818
Throw: Throwing net      |       |       |       |     2 |       |       ||     2
Invok: Divine Shield     |       |       |       |     6 |     5 |     4 ||    15
       Summon Divine War |       |       |       |       |     1 |     2 ||     3
       Cleansing Flame   |       |       |       |       |       |     1 ||     1
Evoke: Wand              |       |       |       |    37 |     1 |       ||    38
  Use: Potion            |     2 |     1 |       |     4 |     1 |     7 ||    15
       Scroll            |       |     8 |     8 |     7 |    14 |     4 ||    41
Armor: Scale mail        |    45 |    80 |    47 |       |       |       ||   172
       Skin              |     3 |     9 |       |       |       |       ||    12
       Chain mail        |       |       |   260 |   597 |   859 |   293 ||  2009
Dodge: Dodged            |    46 |    81 |   170 |   340 |   527 |   148 ||  1312
Block: Buckler           |    21 |    36 |   100 |   301 |   432 |   133 ||  1023

Table legend: (Time is in decaauts)
 A = Elapsed time spent in this place.
 B = Non-inter-level travel time spent in this place.
 C = Inter-level travel time spent in this place.
 D = Time resting spent in this place.
 E = Time spent auto-exploring this place.
 F = Levels seen in this place.
 G = Mean time per level.
                   A        B        C        D        E       F      G
               +--------+--------+--------+--------+--------+-----+--------+
         Total |  28958 |  27106 |   1852 |   4430 |  17562 |  26 | 1113.8 |
       Dungeon |  16801 |  15659 |   1142 |   3089 |   9695 |  15 | 1120.1 |
        Temple |     98 |     55 |     43 |      0 |     50 |   1 |   98.0 |
          Lair |   8582 |   8128 |    454 |   1174 |   5818 |   6 | 1430.3 |
   Spider Nest |    740 |    719 |     21 |      2 |    374 |   1 |  740.0 |
  Orcish Mines |   2425 |   2236 |    189 |    132 |   1443 |   2 | 1212.5 |
        Depths |    310 |    310 |      0 |     32 |    182 |   1 |  310.0 |
               +--------+--------+--------+--------+--------+-----+--------+

Top non-repeatable levels by time:
  Lair:2: 1839 daAuts
   Orc:2: 1807 daAuts
    D:12: 1746 daAuts
     D:4: 1630 daAuts
  Lair:1: 1557 daAuts
  Lair:6: 1428 daAuts
     D:9: 1426 daAuts
    D:11: 1404 daAuts
  Lair:5: 1295 daAuts
     D:1: 1260 daAuts
  Lair:4: 1250 daAuts
  Lair:3: 1211 daAuts
    D:10: 1195 daAuts
     D:5: 1130 daAuts
    D:15: 1023 daAuts
